 Dungeon Crawl Stone Soup version 0.27-a0-1278-g6cbc8dfb29 (webtiles) character file.

Game seed: 8495443449371471525

79 Wyvernaa the Shield-Bearer (level 4, 0/28 HPs)
             Began as a Gargoyle Fighter on June 12, 2021.
             Slain by Sigmund (5 damage)
             ... on level 2 of the Dungeon.
             The game lasted 00:03:18 (2376 turns).

Wyvernaa the Shield-Bearer (Gargoyle Fighter)       Turns: 2376, Time: 00:03:19

Health: 0/28       AC: 10    Str: 19    XL:     4   Next: 37%
Magic:  4/4        EV:  7    Int:  9    God:
Gold:   110        SH:  0    Dex: 10    Spells: 3/3 levels left

rFire    . . .     SeeInvis .   a - +0 flail
rCold    . . .     Faith    .   c - +0 kite shield
rNeg     + . .     Spirit   .   b - +0 scale mail
rPois    ∞         Reflect  .   (no helmet)
rElec    +         Harm     .   (no cloak)
rCorr    .         Rampage  .   (no gloves)
Will     .....                  (no boots)
Stlth    ..........             (no amulet)
HPRegen  0.09/turn              (no ring)
MPRegen  0.09/turn              (no ring)

@: confused
A: sickness immunity, AC +3, negative energy resistance 1, electricity
resistance, torment resistance 1, petrification resistance
a: no special abilities


You were on level 2 of the Dungeon.
You visited 1 branch of the dungeon, and saw 2 of its levels.

You collected 110 gold pieces.

Inventory:

Hand Weapons
 a - a +0 flail (weapon)
Armour
 b - a +0 scale mail (worn)
 c - a +0 kite shield (worn)
Scrolls
 e - 2 scrolls of fog
 f - a scroll of identify
 j - a scroll of holy word
Potions
 g - a potion of curing {unknown}
 h - a potion of invisibility {unknown}
 i - a potion of brilliance {unknown}


   Skills:
 + Level 3.5 Fighting
 * Level 3.1 Maces & Flails
 + Level 3.8 Armour
 + Level 0.1 Dodging
 * Level 4.1 Shields


You had 3 spell levels left.
You didn't know any spells.
Your spell library contained the following spells:

 Spells                   Type           Power      Damage    Failure   Level
 Summon Small Mammal      Summ           0%         N/A       99%         1
 Call Imp                 Summ           0%         N/A       100%        2
 Call Canine Familiar     Summ           0%         N/A       100%        3
 Confusing Touch          Hex            0%         N/A       100%        3
 Gell's Gravitas          Tloc           0%         N/A       100%        3
 Summon Guardian Golem    Hex/Summ       0%         N/A       100%        3
 Petrify                  Tmut/Erth      0%         N/A       100%        4
 Summon Ice Beast         Ice/Summ       0%         N/A       100%        4
 Summon Lightning Spire   Summ/Air       0%         N/A       100%        4
 Metabolic Englaciation   Hex/Ice        0%         N/A       100%        5
 Yara's Violent Unravell  Hex/Tmut       0%         3d3       100%        5


Dungeon Overview and Level Annotations

Branches:
Dungeon (2/15)

Altars:

Annotations:
D:2 Sigmund


Innate Abilities, Weirdness & Mutations

You are immune to sickness and miasma.
Your stone body is resilient. (AC +3)
You are immune to poison.
You resist negative energy. (rN+)
You are resistant to electric shocks. (rElec)
You are resistant to unholy torment.
You are immune to petrification.


Message History

Sigmund flickers and vanishes!
Deactivating autopickup; reactivate with Ctrl-A.
As you read the scroll labelled AMIONO XAOTOIME, it crumbles to dust.
Wisps of shadow whirl around you...
It was a scroll of summoning.
You swap places.
As you read the scroll of fog, it crumbles to dust.
The scroll dissolves into smoke.
You swap places.
Something hits you.
You hit something but do no damage.
You hear some strange, mumbled words.
Something tries to affect you, but you resist.
Something hits you but does no damage.
Unknown command.
You barely miss something. Something hits you but does no damage.
Your shield and scale mail prevent you from hitting something.
Something hits you but does no damage.
You hear some strange, mumbled words.
You are confused.
Are you sure you want to stumble around while confused and next to your hobgoblin?
Okay, then.
There is a strange disturbance nearby!
Something hits you but does no damage.
There is a strange disturbance nearby!
There is a strange disturbance nearby!
Are you sure you want to stumble around while confused and next to your hobgoblin?
Okay, then.
There is a strange disturbance nearby!
There is a strange disturbance nearby!
There is a strange disturbance nearby!
There is a strange disturbance nearby!
There is a strange disturbance nearby!
There is a strange disturbance nearby!
Something hits you. Something hits you. Something hits you!
* * * LOW HITPOINT WARNING * * *
Are you sure you want to stumble around while confused and next to your hobgoblin?
Something hits you.
You die...

... #.# #.# ### #.#
##§###.#
...####§§§##.########
...'.§{§g§§..........
...####SS§##.########
##@###.# ### #.#
####.# #....# #.####
#.# #.# ##.## #.#
##...# #.# ....
########.#


You could see 2 friendly adders and a friendly hobgoblin (summoned).

Vanquished Creatures
  Robin (D:2)
  8 endoplasms
  2 giant cockroaches (D:1)
  11 goblins
  9 hobgoblins
  8 jackals (D:1)
  2 ball pythons
  5 bats
  2 frilled lizards (D:1)
  4 kobolds
  4 rats
56 creatures vanquished.

Notes
Turn   | Place    | Note
-------+----------+-------------------------------------------
     0 | D:1      | Wyvernaa the Gargoyle Fighter began the quest for the Orb.
     0 | D:1      | Reached XP level 1. HP: 14/14 MP: 1/1
   153 | D:1      | Reached XP level 2. HP: 15/19 MP: 2/2
   691 | D:1      | Found a faded altar of an unknown god.
   703 | D:1      | Reached XP level 3. HP: 23/23 MP: 3/3
  1978 | D:2      | Noticed Robin
  1985 | D:2      | Reached skill level 4 in Shields
  1990 | D:2      | Reached XP level 4. HP: 10/28 MP: 4/4
  1996 | D:2      | Killed Robin
  2362 | D:2      | Noticed Sigmund
  2376 | D:2      | Slain by Sigmund

Illustrated notes

Levels and vault maps discovered:
D:1:      dpeg_arrival_shrine, layout_basic, basic_ecumenical_altar
D:2:      layout_loops_corners, uniq_sigmund, uniq_robin

Skill      XL: |  1  2  3  4 |
---------------+-------------+-----
Shields        | 4 |  4.1
Maces & Flails | 3 |  3.1
Fighting       | |  3.5
Armour         | |  3.8
Dodging        | |  0.1

Action                   |  1- 3 |  4- 6 || total
-------------------------+-------+-------++-------
Melee: Flail             |   155 |    20 ||   175
  Use: Scroll            |     2 |     2 ||     4
       Potion            |     1 |       ||     1
Armor: Scale mail        |    96 |    13 ||   109
Dodge: Dodged            |    65 |     6 ||    71
Block: Kite shield       |    85 |     8 ||    93

Table legend: (Time is in decaauts)
 A = Elapsed time spent in this place.
 B = Non-inter-level travel time spent in this place.
 C = Inter-level travel time spent in this place.
 D = Time resting spent in this place.
 E = Time spent auto-exploring this place.
 F = Levels seen in this place.
 G = Mean time per level.
                   A        B        C        D        E       F      G
               +--------+--------+--------+--------+--------+-----+--------+
         Total |   2465 |   2451 |     14 |    398 |   1641 |   2 | 1232.5 |
       Dungeon |   2465 |   2451 |     14 |    398 |   1641 |   2 | 1232.5 |
               +--------+--------+--------+--------+--------+-----+--------+

Top non-repeatable levels by time:
     D:1: 1748 daAuts
     D:2: 717 daAuts
